Map: Derelict Watcher TE

Players

Erfeyah - Winner!

  • Race: Terran Terran
  • Spawn Location: 1:00

VOD

Have the link to the VOD?

Description

Time

  • Played on: Nov. 28, 2017, 5:55 a.m.
  • Length: 30:26
Show
View Real Time Build Order
Export as new Build Order

Erfeyah Terran - Winner!

Build Orders:  

Get SALT Encoding   

  12  0:05  SCV  
  12  0:17  SCV  
  12  0:22  Supply Depot  
  12  0:30  SCV  
  12  0:44  SCV  
  12  0:53  Barracks  
  12  1:05  SCV  
  12  1:17  SCV, Supply Depot  
  12  1:29  SCV  
  12  1:41  SCV  
  12  1:50  Marine  
  12  1:53  SCV  
  12  2:05  SCV  
  12  2:08  Marine  
  12  2:13  Command Center  
  12  2:18  SCV  
  12  2:26  Marine  
  12  2:28  Refinery  
  12  2:30  SCV  
  12  2:44  Marine  
  12  2:45  SCV  
  12  2:57  SCV  
  12  3:01  Marine  
  12  3:20  Bunker  
  12  3:24  Marine  
  12  3:25  SCV  
  12  3:42  SCV, Marine  
  12  3:50  Supply Depot  
  12  3:54  SCV  
  12  3:58  SCV  
  12  4:00  Marine  
  12  4:09  SCV  
  12  4:10  SCV  
  12  4:18  Marine  
  12  4:34  SCV x2  
  12  4:36  Marine  
  12  4:54  SCV  
  12  4:55  SCV  
  12  4:56  Marine  
  12  5:06  SCV  
  12  5:07  SCV  
  12  5:14  Marine  
  12  5:25  Barracks  
  12  5:38  SCV x2  
  12  5:39  Marine  
  12  5:50  SCV  
  12  6:10  Supply Depot  
  12  6:13  Barracks  
  12  6:32  SCV x2, Marine, Supply Depot  
  12  6:36  Supply Depot, Marine  
  12  6:44  SCV x2  
  12  6:49  Marine  
  12  6:54  Marine, Supply Depot  
  12  6:56  SCV x2  
  12  7:07  Marine  
  12  7:08  SCV  
  12  7:09  SCV  
  12  7:10  Marine  
  12  7:11  Marine  
  12  7:17  Supply Depot  
  12  7:20  SCV  
  12  7:25  Marine  
  12  7:28  Marine  
  12  7:40  SCV x2, Supply Depot  
  12  7:41  Marine  
  12  7:43  Marine  
  12  7:50  Command Center  
  12  7:52  SCV x2  
  12  8:05  Supply Depot  
  12  8:11  SCV  
  12  8:12  SCV  
  12  8:16  Bunker  
  12  8:24  SCV  
  12  8:28  Supply Depot  
  12  8:31  Supply Depot  
  12  8:35  Marine x2  
  12  8:36  Marine  
  12  8:37  SCV  
  12  8:38  SCV  
  12  8:49  SCV  
  12  8:50  SCV  
  12  8:53  Marine x3  
  12  9:02  SCV  
  12  9:08  Refinery  
  12  9:11  Marine x2  
  12  9:30  Refinery  
  12  9:35  Marine  
  12  9:36  Marine x2  
  12  9:37  SCV x2  
  12  9:49  SCV x2  
  12  9:53  Marine  
  12  9:54  Marine  
  12  10:01  SCV  
  12  10:03  SCV  
  12  10:13  SCV  
  12  10:37  Marine x3  
  12  10:54  Marine  
  12  10:56  Barracks Tech Lab  
  12  11:02  Barracks Tech Lab  
  12  11:13  Barracks Tech Lab  
  12  11:17  Marine  
  12  11:21  Marauder  
  12  11:35  Marauder  
  12  11:42  Marauder  
  12  11:55  Marine  
  12  11:56  Marauder  
  12  12:03  Marine  
  12  12:14  Marauder  
  12  12:18  Marauder  
  12  12:21  Marauder  
  12  12:22  Orbital Command  
  12  12:35  Marauder  
  12  12:39  Marauder  
  12  12:43  Marauder  
  12  12:56  Marauder  
  12  13:01  Marauder  
  12  13:04  Marauder  
  12  13:17  Marine  
  12  13:21  Marine, Command Center  
  12  13:42  Supply Depot  
  12  13:54  Supply Depot  
  12  14:04  Marine, Marauder x2  
  12  14:05  Supply Depot  
  12  14:22  Marauder  
  12  14:26  Marauder x2  
  12  14:27  Supply Depot  
  12  14:43  Marauder  
  12  14:47  Marauder x2  
  12  14:48  Factory  
  12  14:51  Supply Depot  
  12  15:05  Marauder  
  12  15:13  Supply Depot  
  12  15:26  Marauder  
  12  15:27  Marauder x2  
  12  15:36  Supply Depot  
  12  15:43  Refinery  
  12  15:48  Marauder x3  
  12  15:59  Supply Depot  
  12  16:07  Refinery  
  12  16:09  Marauder x2  
  12  16:10  Marauder  
  12  16:30  Marine x3  
  12  16:48  Marine x3  
  12  17:06  Marine x2  
  12  17:21  Marine  
  12  17:23  Marine  
  12  17:24  Marine  
  12  17:39  Marine  
  12  17:41  Marine x2  
  12  17:56  Marine  
  12  18:11  Marine x2  
  12  18:14  Marine  
  12  18:29  Marine x2  
  12  18:32  Marine  
  12  18:36  Stimpack  
  12  18:47  Marine  
  12  19:05  Marauder  
  12  19:27  Marauder  
  12  19:31  Marine  
  12  26:12  SCV x2  
  12  26:13  SCV, Marine x3  
  12  26:24  SCV x2  
  12  26:25  SCV  
  12  26:30  Marine  
  12  26:31  Marine  
  12  26:36  SCV  
  12  26:37  SCV x2  
  12  26:44  Marine  
  12  26:48  SCV, Marine x2  
  12  26:49  SCV x2  
  12  27:01  SCV  
  12  27:02  Marine  
  12  27:06  Marine  
  12  27:27  Command Center  
  12  29:22  Marine x2  
  12  29:23  SCV x3  
  12  29:27  Marauder  
  12  29:35  SCV x2  
Tags
 
Add a new tag
Caveats
  • Supply blocks, unpowered buildings, or Contaminate may cause inaccurate times.
  • Supply counts are checked every 10 seconds.